[Event "ICC tourney 3289 (30 10)"]
[Site "Internet Chess Club"]
[Date "2023.09.23"]
[Round "3"]
[White "CHAMPSI, IMRAN:imranchamp"]
[Black "HONG, HUNTER:hunterhong"]
[Result "1-0"]
[ICCResult "Black checkmated"]
[WhiteElo "2077"]
[BlackElo "1476"]
[Opening "English: Carls' Bremen system"]
[ECO "A22"]
[NIC "EO.10"]
[Time "16:00:27"]
[PlyCount "93"]
[TimeControl "1800+10"]

1. c4 e5 2. Nc3 Nf6 3. g3 Nc6 4. Bg2 Bc5 5. e3 d6 6. Nge2 O-O 7. O-O Bd7 8.
a3 a6 9. d4 Bb6 10. Nd5 Ba7 11. Nxf6+ Qxf6 12. b3 Rab8 13. Bb2 Rfe8 14. dxe5
Nxe5 15. Qc2 Qh6 16. Nd4 Bh3 17. Rfe1 Bxg2 18. Kxg2 Ng4 19. h3 Ne5 20. Rad1
Ng6 21. Nf5 Qg5 22. f4 Qd8 23. Nxg7 Rxe3 24. Rxe3 Bxe3 25. Qc3 Bxf4 26. Ne6
Be5 27. Qxe5 Nxe5 28. Nxd8 Rxd8 29. Bxe5 Re8 30. Bf4 Re2+ 31. Kf3 Rb2 32.
Rd3 Ra2 33. Bc1 Ra1 34. Bb2 Ra2 35. Rd2 f5 36. Kf4 Kf7 37. Kxf5 b5 38. g4
bxc4 39. bxc4 c6 40. g5 d5 41. cxd5 cxd5 42. h4 d4 43. h5 d3 44. g6+ hxg6+
45. hxg6+ Kg8 46. Rh2 d2 47. Rh8# {Black checkmated} 1-0

[Event "ICC tourney 3289 (30 10)"]
[Site "Internet Chess Club"]
[Date "2023.09.23"]
[Round "3"]
[White "LIANG, YU-CHENG:Yucheng"]
[Black "Yang, Daniel:danielbest"]
[Result "1/2-1/2"]
[ICCResult "Game drawn by repetition"]
[WhiteElo "2213"]
[BlackElo "2101"]
[Opening "Nimzo-Indian: 4.e3, main line with 7...Nc6"]
[ECO "E56"]
[NIC "NI.05"]
[Time "16:00:23"]
[PlyCount "72"]
[TimeControl "1800+10"]

1. d4 Nf6 2. c4 e6 3. Nc3 Bb4 4. e3 O-O 5. Bd3 d5 6. Nf3 c5 7. O-O Nc6 8.
cxd5 exd5 9. dxc5 Bxc5 10. h3 a6 11. Ne2 Ne4 12. b3 Be6 13. Bb2 Qd7 14. Nf4
Bd6 15. Bxe4 dxe4 16. Nxe6 Qxe6 17. Ng5 Qg6 18. Nxe4 Be5 19. Bxe5 Qxe4 20.
Bb2 Rfd8 21. Qe2 Nb4 22. Rac1 Rac8 23. a3 Nd3 24. Rxc8 Rxc8 25. Ba1 f6 26.
f3 Nc1 27. fxe4 Nxe2+ 28. Kf2 Nc1 29. b4 Rc2+ 30. Kf3 Nb3 31. Rd1 Kf8 32.
Bd4 Nd2+ 33. Ke2 Nb3+ 34. Kf3 Nd2+ 35. Ke2 Nb3+ 36. Kf3 Nd2+
{Game drawn by repetition}
1/2-1/2

[Event "ICC tourney 3289 (30 10)"]
[Site "Internet Chess Club"]
[Date "2023.09.23"]
[Round "3"]
[White "Volkov, Sergey:Volkov"]
[Black "Belous, Vladimir:Openyagami"]
[Result "0-1"]
[ICCResult "White resigns"]
[WhiteElo "2514"]
[BlackElo "2603"]
[Opening "Grünfeld: Russian variation"]
[ECO "D97"]
[NIC "GI.10"]
[Time "16:00:22"]
[PlyCount "118"]
[TimeControl "1800+10"]

1. d4 Nf6 2. c4 g6 3. Nc3 d5 4. Nf3 Bg7 5. Qb3 dxc4 6. Qxc4 Be6 7. Qb5+ Bd7
8. Qxb7 Nc6 9. Qb3 Rb8 10. Qd1 Bf5 11. Qa4 Bd7 12. e4 Ne5 13. dxe5 Bxa4 14.
exf6 Bxf6 15. e5 Bc6 16. exf6 Bxf3 17. gxf3 O-O 18. fxe7 Qxe7+ 19. Be2 Rfe8
20. O-O Qh4 21. Kg2 Re5 22. f4 Ra5 23. Bf3 Rb4 24. Ne2 Rbb5 25. h3 Rb3 26.
Ng1 Rd3 27. Be3 Qf6 28. Be2 Rd6 29. b3 h6 30. a4 Qe6 31. Rab1 g5 32. fxg5
hxg5 33. Rfc1 Re5 34. Bc4 Qf5 35. Nf3 Qe4 36. Kg3 Rf5 37. Be2 Rdf6 38. Rg1
Rxf3+ 39. Bxf3 Rxf3+ 40. Kh2 f6 41. Rbe1 Qe5+ 42. Rg3 Rxg3 43. fxg3 Qb2+ 44.
Kg1 Qxb3 45. a5 Qc3 46. Bf2 Qxa5 47. Re7 Qc3 48. Re3 Qc6 49. h4 gxh4 50.
gxh4 a5 51. h5 a4 52. Kh2 Kh7 53. Re7+ Kh6 54. Be3+ Kxh5 55. Rg7 a3 56. Kg3
a2 57. Bd4 Qd6+ 58. Kf3 Qxd4 59. Rg5+ fxg5 {White resigns} 0-1

[Event "ICC tourney 3289 (30 10)"]
[Site "Internet Chess Club"]
[Date "2023.09.23"]
[Round "4"]
[White "HONG, HUNTER:hunterhong"]
[Black "ZHAO, DANSON:K01-30127679"]
[Result "1-0"]
[ICCResult "Black checkmated"]
[WhiteElo "1476"]
[BlackElo "1636"]
[Opening "Sicilian defense"]
[ECO "B34"]
[NIC "SI.33"]
[Time "18:01:39"]
[PlyCount "131"]
[TimeControl "1800+10"]

1. e4 c5 2. Nf3 Nc6 3. d4 cxd4 4. Nxd4 g6 5. Be3 Bg7 6. Nc3 d6 7. Bc4 Nf6 8.
O-O O-O 9. f3 a6 10. Nd5 Nxd5 11. Bxd5 Nxd4 12. Bxd4 Bxd4+ 13. Qxd4 Qc7 14.
c3 Bd7 15. Qb4 Rab8 16. Bb3 b5 17. Rad1 Rfc8 18. e5 dxe5 19. Qxe7 Be8 20.
Qxc7 Rxc7 21. Rd5 Re7 22. Re1 e4 23. Rxe4 Rxe4 24. fxe4 Bc6 25. Rd4 Re8 26.
Bd5 Bxd5 27. exd5 Kf8 28. Kf2 Ke7 29. b3 Kd6 30. c4 bxc4 31. bxc4 Kc5 32.
Rf4 f5 33. Kf3 Rf8 34. g4 fxg4+ 35. Kxg4 Rd8 36. Kg5 Rd7 37. Kf6 a5 38. Re4
a4 39. Re7 Rd6+ 40. Re6 Rd7 41. Re7 Rd6+ 42. Ke5 Rd8 43. Rc7+ Kb4 44. d6 Ka3
45. Ra7 Kxa2 46. Rxa4+ Kb3 47. Ra7 Kxc4 48. Rxh7 Kc5 49. d7 Kc6 50. Kf6 Rxd7
51. Rxd7 Kxd7 52. Kxg6 Ke8 53. Kg7 Ke7 54. h4 Ke6 55. h5 Ke7 56. h6 Kd6 57.
h7 Kc5 58. h8=Q Kb4 59. Qc8 Kb3 60. Qc5 Ka2 61. Qb4 Ka1 62. Kf6 Ka2 63. Ke5
Ka1 64. Kd4 Ka2 65. Kc3 Ka1 66. Qb2# {Black checkmated} 1-0

[Event "ICC tourney 3289 (30 10)"]
[Site "Internet Chess Club"]
[Date "2023.09.23"]
[Round "4"]
[White "Stevens, Adam Benjamin:adambenstevens"]
[Black "LIANG, YU-CHENG:Yucheng"]
[Result "0-1"]
[ICCResult "White resigns"]
[WhiteElo "1904"]
[BlackElo "2213"]
[Opening "Bogo-Indian defense, Grünfeld variation"]
[ECO "E11"]
[NIC "QI.01"]
[Time "18:00:06"]
[PlyCount "68"]
[TimeControl "1800+10"]

1. d4 Nf6 2. c4 e6 3. Nf3 Bb4+ 4. Nbd2 O-O 5. g3 d6 6. Bg2 Nbd7 7. O-O e5 8.
a3 Bxd2 9. Bxd2 Qe7 10. Bc3 Rd8 11. Qc2 c6 12. dxe5 Nxe5 13. Rad1 Nxf3+ 14.
Bxf3 Be6 15. b3 Rd7 16. Rd2 Rad8 17. Rfd1 Ne8 18. e4 Nc7 19. Qb2 f6 20. Bb4
Na6 21. Bc3 Qf7 22. Qc2 Nc7 23. Bb4 d5 24. Bc5 dxc4 25. Rxd7 Rxd7 26. Rxd7
Qxd7 27. bxc4 b6 28. Be3 c5 29. Qc3 Ne8 30. e5 fxe5 31. Qxe5 Bxc4 32. Bg4
Qc6 33. Qe7 Qg6 34. Bf3 Qb1+ {White resigns} 0-1

[Event "ICC tourney 3289 (30 10)"]
[Site "Internet Chess Club"]
[Date "2023.09.23"]
[Round "4"]
[White "DENG, MICHAEL:K03-16811908"]
[Black "MARCHENKO, VITALIY:KingPawn23"]
[Result "1-0"]
[ICCResult "Black forfeits on time"]
[WhiteElo "1735"]
[BlackElo "1816"]
[Opening "Scotch: Potter variation"]
[ECO "C45"]
[NIC "SO.05"]
[Time "18:01:22"]
[PlyCount "53"]
[TimeControl "1800+10"]

1. e4 e5 2. Nf3 Nc6 3. d4 exd4 4. Nxd4 Bc5 5. Nb3 Bb6 6. Nc3 Qf6 7. Qe2 Nge7
8. Be3 O-O 9. O-O-O Re8 10. Kb1 d6 11. Bxb6 axb6 12. Nb5 Nb4 13. e5 dxe5 14.
Nxc7 Bf5 15. Rc1 Rec8 16. Nxa8 Nxc2 17. Qd2 Na3+ 18. Ka1 Nc2+ 19. Rxc2 Bxc2
20. Nc7 Bxb3 21. axb3 Nc6 22. Qd7 Rd8 23. Qg4 Qe7 24. Nb5 Nb4 25. Bc4 Ra8+
26. Kb1 Qe8 27. Nc7 {Black forfeits on time} 1-0

[Event "ICC tourney 3289 (30 10)"]
[Site "Internet Chess Club"]
[Date "2023.09.23"]
[Round "4"]
[White "Meng, Joshua:jmichess"]
[Black "Volkov, Sergey:Volkov"]
[Result "0-1"]
[ICCResult "White resigns"]
[WhiteElo "2038"]
[BlackElo "2514"]
[Opening "French: advance, Euwe variation"]
[ECO "C02"]
[NIC "FR.03"]
[Time "18:00:09"]
[PlyCount "82"]
[TimeControl "1800+10"]

1. e4 e6 2. d4 d5 3. e5 c5 4. c3 Nc6 5. Nf3 Bd7 6. a3 c4 7. Nbd2 Na5 8. Rb1
Qc7 9. Be2 Ne7 10. Qc2 Nc8 11. Bd1 Nb6 12. b3 cxb3 13. Nxb3 Nxb3 14. Qxb3
Ba4 15. Qb2 Bxd1 16. Kxd1 Rc8 17. Kc2 Qd7 18. Qb5 Rc6 19. Qb3 Be7 20. Kd3
O-O 21. Bd2 Rfc8 22. Rhc1 Rc4 23. Rc2 Ra4 24. Ra2 Rc7 25. Ke2 Nc4 26. Bc1 a6
27. Ne1 Na5 28. Qb2 Qc6 29. Nd3 b5 30. Nb4 Qc4+ 31. Nd3 Qxc3 32. Bd2 Qxb2
33. Nxb2 Rxa3 34. Bxa5 Rc2+ 35. Kd1 Rxa2 36. Kxc2 Rxa5 37. Rc1 h5 38. Kb1
Ba3 39. Rc7 Bxb2 40. Kxb2 Ra4 41. Kc3 Rc4+ {White resigns} 0-1

[Event "ICC tourney 3289 (30 10)"]
[Site "Internet Chess Club"]
[Date "2023.09.23"]
[Round "4"]
[White "Belous, Vladimir:Openyagami"]
[Black "IVANOV, ALEXANDER:marble"]
[Result "1/2-1/2"]
[ICCResult "Game drawn because neither player has mating material"]
[WhiteElo "2603"]
[BlackElo "2466"]
[Opening "English: closed system"]
[ECO "A25"]
[NIC "EO.19"]
[Time "18:00:29"]
[PlyCount "143"]
[TimeControl "1800+10"]

1. c4 e5 2. g3 Nc6 3. Bg2 g6 4. Nc3 Bg7 5. Nf3 Nd4 6. O-O Nxf3+ 7. Bxf3 Ne7
8. d3 O-O 9. Bg2 d6 10. Rb1 a5 11. a3 c6 12. b4 axb4 13. axb4 d5 14. cxd5
cxd5 15. Bg5 f6 16. Bd2 Be6 17. Qb3 Bf7 18. Na4 d4 19. Qd1 Nd5 20. b5 Rc8
21. Rc1 Qd6 22. Rc2 Qa3 23. Bxd5 Bxd5 24. Nb6 Rxc2 25. Qxc2 Be6 26. Rc1 Qd6
27. Qc7 Qxc7 28. Rxc7 Rf7 29. Rc1 Bf8 30. f4 exf4 31. Bxf4 g5 32. Bb8 Bb4
33. Ra1 Bd2 34. Bd6 Be3+ 35. Kg2 Kg7 36. Ra4 Bg4 37. Kf1 Kg6 38. Nc4 Bh3+
39. Ke1 Rd7 40. Nxe3 dxe3 41. Bc5 Rd5 42. Rc4 Rf5 43. Bxe3 Rxb5 44. Rc7 Rb1+
45. Bc1 b5 46. Kd2 Ra1 47. Bb2 Rb1 48. Bd4 Rh1 49. Rc6 Rxh2 50. Rxf6+ Kh5
51. Rb6 Bg4 52. Rxb5 Rxe2+ 53. Kc3 Re6 54. Be5 Bf3 55. d4 Kg4 56. Bb8 Re3+
57. Kb4 Re1 58. Kc5 Rc1+ 59. Kd6 Kxg3 60. Rxg5+ Kf4 61. Rg7 Ke4 62. d5 Rd1
63. Re7+ Kf5 64. Re5+ Kg4 65. Ke6 Rxd5 66. Rxd5 Bxd5+ 67. Kxd5 Kf3 68. Ke5
h5 69. Kf5 h4 70. Kg5 h3 71. Kh4 h2 72. Bxh2
{Game drawn because neither player has mating material}
1/2-1/2

[Event "ICC tourney 3289 (30 10)"]
[Site "Internet Chess Club"]
[Date "2023.09.23"]
[Round "4"]
[White "Yang, Daniel:danielbest"]
[Black "KOEHL, EVAN:MacAndSneeze"]
[Result "0-1"]
[ICCResult "White forfeits on time"]
[WhiteElo "2101"]
[BlackElo "2051"]
[Opening "Grünfeld: exchange variation"]
[ECO "D85"]
[NIC "GI.03"]
[Time "18:00:31"]
[PlyCount "78"]
[TimeControl "1800+10"]

1. d4 Nf6 2. c4 g6 3. Nc3 d5 4. cxd5 Nxd5 5. Na4 Bg7 6. e4 Nb6 7. Be3 O-O 8.
Nf3 Bg4 9. Nc5 Qc8 10. h3 Bxf3 11. Qxf3 Nc6 12. Rd1 Rd8 13. Nb3 Nb4 14. a3
Nc2+ 15. Ke2 Qd7 16. Rd3 Nc4 17. Rc3 N2xe3 18. fxe3 Nxb2 19. Nc5 Qb5+ 20.
Kf2 Qa5 21. Rc2 Qxa3 22. Qe2 Rxd4 23. Rxb2 Rxe4 24. Nxe4 Bxb2 25. Qb5 Rb8
26. Bc4 c6 27. Qg5 b5 28. Bxf7+ Kg7 29. Qf4 Rf8 30. Ng5 Bf6 31. Ne6+ Kxf7
32. Nxf8 Kxf8 33. Qh6+ Kg8 34. Rd1 Qa5 35. Qf4 Kg7 36. g4 Qa4 37. Qxa4 bxa4
38. Rd2 a3 39. Ra2 Bb2 {White forfeits on time} 0-1

[Event "ICC tourney 3289 (30 10)"]
[Site "Internet Chess Club"]
[Date "2023.09.23"]
[Round "4"]
[White "CHINNI, RISHABH:alphachesplayer"]
[Black "DEMCHENKO, ANTON:Falstaf"]
[Result "0-1"]
[ICCResult "White resigns"]
[WhiteElo "2025"]
[BlackElo "2669"]
[Opening "Ruy Lopez: Cozio defense deferred"]
[ECO "C70"]
[NIC "RL.09"]
[Time "18:00:03"]
[PlyCount "102"]
[TimeControl "1800+10"]

1. e4 e5 2. Nf3 Nc6 3. Bb5 a6 4. Ba4 Nge7 5. O-O Ng6 6. c3 d6 7. h3 Bd7 8.
d4 Be7 9. Re1 O-O 10. Nbd2 b5 11. Bb3 exd4 12. cxd4 Na5 13. Bc2 c5 14. d5
Bf6 15. Nf1 Nc4 16. Rb1 Nce5 17. Ng3 Nxf3+ 18. Qxf3 Be5 19. Be3 a5 20. Nf5
Nh4 21. Qg4 Nxf5 22. exf5 a4 23. f4 Bf6 24. Qf3 a3 25. b3 Re8 26. g4 Qa5 27.
g5 Bd4 28. Be4 Qc3 29. Bxd4 cxd4 30. Qxc3 dxc3 31. Bc2 b4 32. Kf2 f6 33. Kf3
fxg5 34. fxg5 Rf8 35. Kf4 Bxf5 36. Bxf5 g6 37. Re6 Rxf5+ 38. Ke4 Rf2 39. Ra1
Rd8 40. Kd3 Rd2+ 41. Kc4 c2 42. Kxb4 Rc8 43. Ree1 Rxd5 44. Kxa3 Rd2 45. Rac1
d5 46. Kb2 d4 47. Re4 d3 48. Rc4 Rd8 49. Re4 Rg2 50. Rf1 d2 51. Kxc2 d1=Q+
{White resigns}
0-1

[Event "ICC tourney 3289 (30 10)"]
[Site "Internet Chess Club"]
[Date "2023.09.23"]
[Round "4"]
[White "OPASKA, MICHAEL:mopaska1106"]
[Black "CHAMPSI, IMRAN:imranchamp"]
[Result "0-1"]
[ICCResult "White resigns"]
[WhiteElo "2060"]
[BlackElo "2077"]
[Opening "QGD Slav defense"]
[ECO "D10"]
[NIC "SL.01"]
[Time "18:00:25"]
[PlyCount "335"]
[TimeControl "1800+10"]

1. d4 d5 2. c4 c6 3. Nc3 Nf6 4. e3 Bf5 5. Nf3 e6 6. Nh4 Bg4 7. f3 Bh5 8. Be2
dxc4 9. Bxc4 Bd6 10. g3 Nbd7 11. Bd2 c5 12. d5 exd5 13. Nxd5 O-O 14. O-O
Nxd5 15. Bxd5 Nf6 16. Bc3 Nxd5 17. Qxd5 Bg6 18. Nxg6 hxg6 19. Rad1 Bc7 20.
Qxb7 Qe7 21. e4 Rab8 22. Qc6 Bb6 23. Rd7 Qg5 24. Qd5 Qe3+ 25. Kg2 Rbd8 26.
Qe5 f6 27. Qe6+ Kh7 28. Re1 Qh6 29. Rxd8 Rxd8 30. Qh3 Kg8 31. Qxh6 gxh6 32.
Bxf6 Rd2+ 33. Kh3 Kf7 34. Bc3 Rf2 35. f4 g5 36. fxg5 hxg5 37. Kg4 Kg6 38.
Rd1 Rxh2 39. Rd6+ Kf7 40. Kxg5 Re2 41. e5 Ke8 42. Rd3 Rf2 43. Kg4 Ke7 44.
Rf3 Rh2 45. Kg5 Ke6 46. g4 Bd8+ 47. Kg6 Rg2 48. Rf4 Rg1 49. Ra4 Kd5 50. Kf7
Bb6 51. Ke7 c4 52. Rb4 Bc5+ 53. Kd7 Bxb4 54. Bxb4 Kxe5 55. Bc3+ Kd5 56. Kc7
Rxg4 57. Kb7 Rg2 58. Kxa7 Kc6 59. a4 Rh2 60. a5 Kb5 61. Kb7 Rh7+ 62. Kb8 Ka6
63. Kc8 Rf7 64. Kd8 Kb5 65. Ke8 Rh7 66. Kd8 Rh3 67. Kd7 Rh6 68. Ke7 Rg6 69.
Kd7 Ra6 70. Kc7 Ra7+ 71. Kd6 Rh7 72. Kd5 Rd7+ 73. Ke4 Kc5 74. Ke3 Kd5 75.
Kf3 Re7 76. Kf4 Kc5 77. Kf3 Kb5 78. Kf4 Ka4 79. Kf3 Kb3 80. Kf4 Kc2 81. Kf3
Kd3 82. Kf4 Re8 83. Kf5 Kc2 84. Kf4 Kb3 85. Kf3 Re6 86. Kf4 Ka4 87. Kf5 Re8
88. Kf4 Kb5 89. Kf3 Kc6 90. Kf4 Kd5 91. Kf3 Re7 92. Kf4 Rf7+ 93. Ke3 Rh7 94.
Kf4 Rh3 95. Kg4 Rh1 96. Kf3 Rh4 97. Ke3 Rh7 98. Kf3 Ke6 99. Ke3 Rd7 100. Ke4
Ke7 101. a6 Ra7 102. Kd5 Rxa6 103. Kxc4 Kd7 104. Kb5 Rh6 105. b4 Kc7 106.
Bd4 Rh5+ 107. Bc5 Kb7 108. Kc4 Rh4+ 109. Kd3 Kc6 110. Ke3 Kd5 111. Kf3 Rc4
112. Ke3 Rc3+ 113. Kf2 Ke4 114. Kg2 Kf4 115. Kh1 Kg4 116. Bg1 Kh3 117. b5
Rc1 118. b6 Rb1 119. b7 Rxb7 120. Bh2 Rb2 121. Bg1 Ra2 122. Bb6 Rh2+ 123.
Kg1 Rb2 124. Bd4 Rg2+ 125. Kh1 Rh2+ 126. Kg1 Rd2 127. Bc5 Kg3 128. Kh1 Rh2+
129. Kg1 Rc2 130. Bd6+ Kf3 131. Bb8 Rc1+ 132. Kh2 Rb1 133. Ba7 Ra1 134. Bg1
Ra2+ 135. Kh1 Kg3 136. Bd4 Kh3 137. Bg1 Re2 138. Ba7 Rb2 139. Bg1 Kg3 140.
Bc5 Rb5 141. Bd6+ Kf2 142. Bc7 Rb7 143. Bd6 Rb5 144. Bc7 Rb1+ 145. Kh2 Rb7
146. Bg3+ Kf3 147. Bd6 Rb2+ 148. Kh1 Rc2 149. Bh2 Rg2 150. Bb8 Rb2 151. Bh2
Kf2 152. Bg1+ Kg3 153. Bd4 Rb5 154. Ba7 Rb2 155. Bg1 Rd2 156. Ba7 Kh3 157.
Bg1 Rg2 158. Bd4 Rg4 159. Bg1 Kg3 160. Bh2+ Kf2 161. Bd6 Rc4 162. Bb8 Ra4
163. Bc7 Ra8 164. Bb6+ Kf1 165. Bc7 Rg8 166. Bd6 Rg1+ 167. Kh2 Rg6 168. Kh1
{White resigns}
0-1

[Event "ICC tourney 3289 (30 10)"]
[Site "Internet Chess Club"]
[Date "2023.09.23"]
[Round "5"]
[White "OPASKA, MICHAEL:mopaska1106"]
[Black "HONG, HUNTER:hunterhong"]
[Result "1-0"]
[ICCResult "Black checkmated"]
[WhiteElo "2060"]
[BlackElo "1476"]
[Opening "QGD Slav defense"]
[ECO "D10"]
[NIC "SL.01"]
[Time "20:01:41"]
[PlyCount "111"]
[TimeControl "1800+10"]

1. d4 d5 2. c4 c6 3. Nc3 Nf6 4. e3 a6 5. Nf3 Bf5 6. Nh4 Bg6 7. Nxg6 hxg6 8.
Qc2 e6 9. Bd2 b5 10. cxb5 cxb5 11. Be2 Nc6 12. a3 Bd6 13. g3 Qd7 14. Rc1 Rc8
15. Nxb5 O-O 16. Nxd6 Qxd6 17. Qc5 Qxc5 18. Rxc5 Ne4 19. Rc1 Nxd2 20. Kxd2
a5 21. Rc5 Ne7 22. Rhc1 Rxc5 23. Rxc5 Rb8 24. Kc2 a4 25. Bb5 Ra8 26. Kc3 Nc8
27. Bc6 Ra7 28. Bxa4 Nb6 29. Bb5 Kf8 30. Rc6 Nd7 31. a4 e5 32. b4 exd4+ 33.
Kxd4 Ke7 34. Ra6 Rxa6 35. Bxa6 Nb6 36. a5 Na8 37. Bb7 Nc7 38. a6 Kd6 39. f3
f5 40. h4 Nb5+ 41. Kd3 Ke5 42. Bc6 Na7 43. b5 Kd6 44. b6 Nxc6 45. a7 Nxa7
46. bxa7 Kc7 47. a8=Q d4 48. Kxd4 f4 49. exf4 g5 50. fxg5 g6 51. Qa6 Kd7 52.
Kd5 Kc7 53. Qa7+ Kd8 54. Ke6 Kc8 55. Kd6 Kd8 56. Qd7# {Black checkmated} 1-0

[Event "ICC tourney 3289 (30 10)"]
[Site "Internet Chess Club"]
[Date "2023.09.23"]
[Round "5"]
[White "Volkov, Sergey:Volkov"]
[Black "KOEHL, EVAN:MacAndSneeze"]
[Result "1-0"]
[ICCResult "Black resigns"]
[WhiteElo "2514"]
[BlackElo "2051"]
[Opening "Grünfeld: Russian variation"]
[ECO "D97"]
[NIC "GI.10"]
[Time "20:00:10"]
[PlyCount "53"]
[TimeControl "1800+10"]

1. d4 Nf6 2. c4 g6 3. Nc3 d5 4. Nf3 Bg7 5. Qb3 dxc4 6. Qxc4 Be6 7. Qb5+ Nbd7
8. Ng5 Rb8 9. e4 c6 10. Nxe6 fxe6 11. Qb3 Kf7 12. Bf4 Qa5 13. Bc4 Nxe4 14.
Bxe6+ Ke8 15. Bxb8 Nxc3 16. Bxd7+ Kxd7 17. Qxb7+ Ke8 18. Qxc6+ Kf7 19. Qxc3
Qxc3+ 20. bxc3 Rxb8 21. O-O Rc8 22. Rfc1 Rc4 23. Kf1 Ke6 24. Rab1 Kd6 25.
Ke2 a5 26. Kd3 Ra4 27. Rc2 {Black resigns} 1-0

[Event "ICC tourney 3289 (30 10)"]
[Site "Internet Chess Club"]
[Date "2023.09.23"]
[Round "5"]
[White "MARCHENKO, VITALIY:KingPawn23"]
[Black "ZHAO, DANSON:K01-30127679"]
[Result "0-1"]
[ICCResult "White resigns"]
[WhiteElo "1816"]
[BlackElo "1636"]
[Opening "Sicilian defense"]
[ECO "B30"]
[NIC "SI.31"]
[Time "20:01:41"]
[PlyCount "58"]
[TimeControl "1800+10"]

1. e4 c5 2. Nf3 Nc6 3. g3 g6 4. Bg2 Bg7 5. O-O e5 6. d3 Nge7 7. Bg5 O-O 8.
Nc3 f6 9. Be3 d6 10. Qd2 f5 11. Bh6 Nd4 12. Bxg7 Kxg7 13. exf5 Nxf3+ 14.
Bxf3 Nxf5 15. Bg2 Be6 16. a4 Nd4 17. Ne4 Bd5 18. Ng5 Bxg2 19. Kxg2 h6 20. c3
hxg5 21. cxd4 cxd4 22. Rae1 Qf6 23. Qd1 Qf5 24. Re4 d5 25. Rg4 Rad8 26. f3
Rc8 27. Qd2 Kf6 28. Qb4 Rc2+ 29. Rf2 Rxf2+ {White resigns} 0-1

[Event "ICC tourney 3289 (30 10)"]
[Site "Internet Chess Club"]
[Date "2023.09.23"]
[Round "5"]
[White "LIANG, YU-CHENG:Yucheng"]
[Black "CHINNI, RISHABH:alphachesplayer"]
[Result "1-0"]
[ICCResult "Black resigns"]
[WhiteElo "2213"]
[BlackElo "2025"]
[Opening "Nimzo-Indian: 4.e3, main line with 7...Nc6"]
[ECO "E56"]
[NIC "NI.05"]
[Time "20:00:06"]
[PlyCount "89"]
[TimeControl "1800+10"]

1. d4 Nf6 2. c4 e6 3. Nc3 Bb4 4. e3 O-O 5. Bd3 c5 6. Nf3 d5 7. O-O Nc6 8.
cxd5 exd5 9. dxc5 Bxc5 10. h3 h6 11. b3 b6 12. Bb2 Bb7 13. Ne2 Ne4 14. Ned4
Nxd4 15. Nxd4 Be7 16. Bxe4 dxe4 17. Nf5 Bf6 18. Qxd8 Rfxd8 19. Bxf6 gxf6 20.
Nxh6+ Kg7 21. Nf5+ Kg6 22. Nd4 Ba6 23. Rfc1 Rac8 24. b4 Bc4 25. a4 Bd5 26.
Kf1 a6 27. Ke1 f5 28. Ne2 Kf6 29. Rxc8 Rxc8 30. Rc1 Rxc1+ 31. Nxc1 a5 32. b5
Kg5 33. g3 Kf6 34. Kd2 Ke5 35. Kc3 f6 36. Ne2 Bf7 37. Nf4 Kd6 38. h4 Ke7 39.
Kd4 Bb3 40. Nd5+ Kd6 41. Nxb6 Kc7 42. Kc5 Bf7 43. Nc4 Bxc4 44. Kxc4 Kd6 45.
h5 {Black resigns} 1-0

[Event "ICC tourney 3289 (30 10)"]
[Site "Internet Chess Club"]
[Date "2023.09.23"]
[Round "5"]
[White "Singhvi, Armaan:PawnsRule"]
[Black "Yang, Daniel:danielbest"]
[Result "0-1"]
[ICCResult "White forfeits on time"]
[WhiteElo "1949"]
[BlackElo "2101"]
[Opening "Sicilian, Chekhover variation"]
[ECO "B53"]
[NIC "SI.02"]
[Time "20:00:11"]
[PlyCount "72"]
[TimeControl "1800+10"]

1. e4 c5 2. Nf3 d6 3. d4 cxd4 4. Qxd4 Nc6 5. Bb5 Nf6 6. c4 g6 7. e5 Qa5+ 8.
Qc3 Qxc3+ 9. Nxc3 dxe5 10. Nxe5 Bd7 11. Nxd7 Nxd7 12. Bxc6 bxc6 13. b3 Nc5
14. Ke2 Bg7 15. Bb2 O-O 16. Rac1 Rfd8 17. Rhd1 e5 18. Rxd8+ Rxd8 19. Rd1 Rd4
20. f3 Ne6 21. g3 f5 22. Nb1 Rxd1 23. Kxd1 Ng5 24. Nd2 Ne6 25. Ke2 Kf7 26.
b4 c5 27. b5 Ke7 28. Nb3 Kd6 29. a4 Kc7 30. Ba3 Bf8 31. Bb2 Bd6 32. Na5 Nd8
33. Bc3 a6 34. Nb3 axb5 35. cxb5 Ne6 36. Kd3 Ng5 {White forfeits on time}
0-1

[Event "ICC tourney 3289 (30 10)"]
[Site "Internet Chess Club"]
[Date "2023.09.23"]
[Round "5"]
[White "DEMCHENKO, ANTON:Falstaf"]
[Black "Belous, Vladimir:Openyagami"]
[Result "1-0"]
[ICCResult "Black resigns"]
[WhiteElo "2669"]
[BlackElo "2603"]
[Opening "Sicilian: Hungarian variation"]
[ECO "B27"]
[NIC "SI.43"]
[Time "20:00:31"]
[PlyCount "95"]
[TimeControl "1800+10"]

1. e4 c5 2. Nf3 g6 3. Bc4 Bg7 4. c3 Qc7 5. O-O Nf6 6. Qe2 d6 7. h3 O-O 8.
Bb3 b6 9. Re1 Ba6 10. d3 Nc6 11. Bf4 b5 12. Nbd2 b4 13. Rac1 bxc3 14. bxc3
Nh5 15. Bg5 Rab8 16. Qe3 Qa5 17. Bd5 Rfc8 18. Nc4 Bxc4 19. dxc4 Nf6 20. Re2
Ne5 21. Nd2 Qa3 22. Rf1 Qxa2 23. Bxf6 Bxf6 24. f4 Nd7 25. Nf3 Rb2 26. Rxb2
Qxb2 27. e5 Bg7 28. e6 Nf6 29. exf7+ Kf8 30. Ng5 h6 31. Ne6+ Kxf7 32. Nxg7+
Nxd5 33. cxd5 Qb7 34. Ne6 Qxd5 35. Re1 Kg8 36. f5 g5 37. Nxg5 Qxf5 38. Nf3
Qf6 39. Nh2 h5 40. Rf1 Qg6 41. Rf3 Kh8 42. Qxe7 Rg8 43. Rf2 Rg7 44. Qd8+ Kh7
45. Nf3 Qb1+ 46. Kh2 Qg6 47. h4 Qg3+ 48. Kg1 {Black resigns} 1-0

[Event "ICC tourney 3289 (30 10)"]
[Site "Internet Chess Club"]
[Date "2023.09.23"]
[Round "5"]
[White "IVANOV, ALEXANDER:marble"]
[Black "CHAMPSI, IMRAN:imranchamp"]
[Result "0-1"]
[ICCResult "White forfeits on time"]
[WhiteElo "2466"]
[BlackElo "2077"]
[Opening "Four knights game"]
[ECO "C47"]
[NIC "RG.01"]
[Time "20:00:08"]
[PlyCount "120"]
[TimeControl "1800+10"]

1. e4 e5 2. Nf3 Nf6 3. Nc3 Nc6 4. g3 Bc5 5. Bg2 d6 6. O-O a6 7. d3 O-O 8. h3
h6 9. Kh2 Be6 10. Nd2 d5 11. f4 exf4 12. gxf4 dxe4 13. Ndxe4 Be7 14. f5 Bd7
15. Nxf6+ Bxf6 16. Ne4 Nd4 17. c3 Nxf5 18. Nxf6+ Qxf6 19. Bf4 Bc6 20. Qg4
Bxg2 21. Qxg2 c6 22. d4 Rae8 23. Rf2 Qe6 24. Rg1 g6 25. a3 Kh7 26. Be5 c5
27. Qxb7 cxd4 28. cxd4 Re7 29. Qg2 Rd8 30. Qg4 Nxd4 31. Bxd4 Qd6+ 32. Kh1
Qxd4 33. Qxd4 Rxd4 34. Rg3 Kg7 35. b4 a5 36. bxa5 Ra4 37. Rb3 Rxa5 38. Kg2
Rea7 39. Rff3 R5a6 40. Kf2 g5 41. Ke2 Re6+ 42. Kd2 Kg6 43. Rb5 Rea6 44. Rbb3
f5 45. Kc2 Ra5 46. Rb6+ Kh5 47. Kb2 Rc5 48. Rd3 Raa5 49. Rdb3 Ra4 50. Rd3
Raa5 51. Rdb3 Rc7 52. Rd3 Rac5 53. Rdd6 Rh7 54. a4 f4 55. Rf6 Kh4 56. Rxh6+
Rxh6 57. Rg6 Kg3 58. Rxh6 f3 59. Rf6 f2 60. Rf7 Kg2 {White forfeits on time}
0-1